 Dungeon Sprint DCSS version 0.21-a0-528-gf531e82 (webtiles) character file.

2300000 Gildeon the Axe Maniac (level 19, -31/207 HPs)
             Began as a Minotaur Gladiator on Dec 8, 2017.
             Annihilated by a meat berserker
             ... wielding a +9 battleaxe
              (65 damage)
             ... in the Dungeon (Sprint VIII: "Arena of Blood").
             The game lasted 00:02:51 (23 turns).

Gildeon the Axe Maniac (Minotaur Gladiator)           Turns: 23, Time: 00:02:53

Health: -31/207    AC:  6    Str: 26    XL:     19   Next: 23%
Magic:  16/37      EV: 29    Int:  5    God:
Gold:   0          SH:  0    Dex: 13    Spells: 48/48 levels left

rFire    . . .     SeeInvis .   a - +∞ Axe of Woe
rCold    . . .     Gourm    .   (shield currently unavailable)
rNeg     . . .     Faith    .   b - +0 leather armour
rPois    .         Spirit   .   c - +0 hat
rElec    .         Reflect  .   (no cloak)
rCorr    .         Harm     .   (no gloves)
MR       +....     NoTele   +   (no boots)
Stlth    +++++++...             (no amulet)
HPRegen  0.44/turn              (no ring)
MPRegen  0.25/turn              (no ring)

@: no status effects
A: retaliatory headbutt, horns 2
a: no special abilities


You were in the Dungeon.
You were not hungry.

You visited 1 branch

Inventory:

Hand Weapons
 a - the +∞ Axe of Woe (weapon)
   (You found it in the Dungeon)
Missiles
 d - 3 throwing nets (quivered)
Armour
 b - a +0 leather armour (worn)
 c - a +0 hat (worn)
Scrolls
 k - a scroll of blinking
Potions
 e - a potion of curing
 g - a potion of heal wounds
 h - a potion of haste
 i - 2 potions of magic
 j - a potion of berserk rage
Comestibles
 f - a bread ration


   Skills:
 O Level 27 Fighting
 O Level 27 Axes
 O Level 27 Throwing
 O Level 27 Armour
 O Level 27 Dodging
 + Level 19.1 Stealth
 + Level 21.8 Unarmed Combat
 + Level 15.2 Spellcasting


You had 48 spell levels left.
You didn't know any spells.

Dungeon Overview and Level Annotations

Branches:
Dungeon (1/1)

Altars:
Makhleb


Innate Abilities, Weirdness & Mutations

You reflexively headbutt those who attack you in melee.
You have a pair of horns on your head.


Message History

Your Unarmed Combat skill gained 3 levels and is now at level 20!
Your Spellcasting skill gained 3 levels and is now at level 14!
You have reached level 19!
You hear a shout! x3
The bag of meat moves out of view.
You hear a shout! x5
You slash the bag of meat!
You dissect the bag of meat like a pig carcass.
You kill the bag of meat!
Your Stealth skill increases to level 19!
Your Unarmed Combat skill increases to level 21!
Your Spellcasting skill increases to level 15!
You hear a shout! x4
A bag of meat comes into view. It is wielding a +9 war axe.
A meat berserker comes into view. It is wielding a +9 battleaxe.
You hear a shout! x7
The meat berserker hits you with a +9 battleaxe!!!
* * * LOW HITPOINT WARNING * * *
The meat berserker hits you with a +9 battleaxe!!!
You die...

#.. ..# . #..
..# . ..###..
..###..
......###......
......_......
#.)...# .
#_)<)_# .
....#.))).#....
.....oO@O.O....
......###o.....
..###.. ..###..
. #.. .o# . #..
.o# ... ... ..
.o


You could see 3 meat berserkers and 2 bags of meat.

Vanquished Creatures
  7 ogres (D)
  7 orcs (D)
14 creatures vanquished.

Notes
Turn   | Place    | Note
-------+----------+-------------------------------------------
     0 | D        | Found the +∞ Axe of Woe
     0 | D        | Gildeon the Minotaur Gladiator began the quest for the Orb.
     0 | D        | Reached XP level 1. HP: 18/18 MP: 0/0
     3 | D        | Noticed a bag of meat
     4 | D        | Noticed a bag of meat
     5 | D        | Noticed a meat berserker
     6 | D        | Noticed a bag of meat
     9 | D        | Noticed a bag of meat
     9 | D        | Killed a bag of meat
     9 | D        | Reached XP level 2. HP: 41/41 MP: 1/1
     9 | D        | Reached XP level 3. HP: 48/48 MP: 2/2
     9 | D        | Reached XP level 4. HP: 56/56 MP: 3/3
     9 | D        | Reached XP level 5. HP: 62/62 MP: 4/4
     9 | D        | Reached XP level 6. HP: 70/70 MP: 5/5
     9 | D        | Reached XP level 7. HP: 77/77 MP: 6/6
     9 | D        | Reached XP level 8. HP: 83/83 MP: 7/7
     9 | D        | Reached XP level 9. HP: 90/90 MP: 8/8
     9 | D        | Reached XP level 10. HP: 97/97 MP: 9/9
     9 | D        | Reached XP level 11. HP: 104/104 MP: 10/10
     9 | D        | Killed a meat berserker
     9 | D        | Reached skill level 15 in Fighting
     9 | D        | Reached XP level 12. HP: 121/121 MP: 11/11
     9 | D        | Reached XP level 13. HP: 127/127 MP: 12/12
    10 | D        | Killed a bag of meat
    10 | D        | Reached skill level 27 in Axes
    10 | D        | Reached XP level 14. HP: 108/138 MP: 13/13
    11 | D        | Killed a bag of meat
    12 | D        | Noticed a meat berserker
    13 | D        | Noticed a meat berserker
    13 | D        | Noticed a bag of meat
    13 | D        | Noticed a meat berserker
    13 | D        | Noticed a meat berserker
    13 | D        | Noticed a bag of meat
    14 | D        | Noticed a bag of meat
    14 | D        | Noticed a meat berserker
    14 | D        | Killed a meat berserker
    14 | D        | Reached skill level 27 in Dodging
    14 | D        | Reached XP level 15. HP: 75/163 MP: 14/14
    14 | D        | Killed a meat berserker
    14 | D        | Reached skill level 27 in Fighting
    14 | D        | Reached XP level 16. HP: 84/183 MP: 15/15
    16 | D        | Noticed a meat berserker
    16 | D        | Killed a meat berserker
    16 | D        | Reached skill level 27 in Throwing
    16 | D        | Reached XP level 17. HP: 88/191 MP: 16/16
    18 | D        | Killed a meat berserker
    18 | D        | Reached skill level 27 in Armour
    19 | D        | Noticed a meat berserker
    20 | D        | Noticed a meat berserker
    20 | D        | Reached skill level 10 in Stealth
    20 | D        | Reached XP level 18. HP: 94/200 MP: 16/29
    20 | D        | Killed a meat berserker
    20 | D        | Reached skill level 15 in Stealth
    21 | D        | Killed a meat berserker
    21 | D        | Reached XP level 19. HP: 98/207 MP: 16/36
    22 | D        | Reached skill level 15 in Spellcasting
    23 | D        | Noticed a meat berserker
    23 | D        | Annihilated by a meat berserker

Vault maps used:
D:        meatsprint

Skill      XL: |  1  2  3  4  5  6  7  8  9 10 11 12 13 14 15 16 17 18 19 |
---------------+----------------------------------------------------------+-----
Fighting       | 12 15 16 23 27 | 27.0
Axes           | 20 25 27 | 27.0
Throwing       | 9 12 13 18 21 27 | 27.0
Dodging        | 18 23 24 27 | 27.0
Armour         | 3 6 17 27 | 27.0
Stealth        | 10 18 19 | 19.1
Unarmed Combat | 12 20 21 | 21.8
Spellcasting   | 8 14 15 | 15.2

Action                   |  1- 3 |  4- 6 |  7- 9 | 10-12 | 13-15 | 16-18 | 19-21 || total
-------------------------+-------+-------+-------+-------+-------+-------+-------++-------
Melee: Executioner's axe |     1 |       |       |       |     3 |     5 |     1 ||    10
Dodge: Dodged            |       |       |       |       |       |     3 |       ||     3

Table legend:
 A = Spawn XP
 B = Non-spawn XP
 C = Spawn XP percentage of total XP
 D = Spawn monster count
 E = Non-spawn monster count
 F = Spawn count percentage of total count
 G = Total turns spent on level
                    A         B        C        D         E        F      G
               +---------+---------+-------+---------+---------+-------+---------
         Total |       0 |  399000 |   0.0 |       0 |      14 |   0.0 |    23
               +---------+---------+-------+---------+---------+-------+---------
             D |       0 |  399000 |   0.0 |       0 |      14 |   0.0 |    23
               +---------+---------+-------+---------+---------+-------+---------
